 Dungeon Crawl Stone Soup version 0.30.1-3-gfc49f6343a (webtiles) character file.

Game seed: 11170801145464005694

414 Wiggles the Cleaver (level 6, -5/51 HPs)
             Began as a Minotaur Berserker on July 28, 2023.
             Was an Elder of Trog.
             Slain by a gnoll
             ... wielding a +0 halberd
              (9 damage)
             ... on level 4 of the Dungeon.
             The game lasted 00:05:08 (2740 turns).

Wiggles the Cleaver (Minotaur Berserker)            Turns: 2740, Time: 00:05:09

Health: -5/51      AC: 11    Str: 24    XL:     6   Next: 60%
Magic:  5/5        EV:  7    Int:  4    God:    Trog [****..]
Gold:   190        SH:  0    Dex:  9    Spells: 5/5 levels left

rFire   . . .        a - +0 hand axe
rCold   . . .        (no shield)
rNeg    . . .        k - +0 plate armour
rPois   .            (helmet restricted)
rElec   .            (no cloak)
rCorr   .            (no gloves)
SInv    .            (no boots)
Will    .....        (no amulet) Stlth
                     (no ring)
HPRegen 0.28/turn    (no ring)
MPRegen 0.09/turn

%: no passive effects
@: no status effects
A: horns 2, retaliatory headbutt
a: Renounce Religion, Berserk, Trog's Hand, Brothers in Arms


You were on level 4 of the Dungeon.
You worshipped Trog.
Trog was greatly pleased with you.
You visited 1 branch of the dungeon, and saw 4 of its levels.

You collected 190 gold pieces.

Inventory:

Hand Weapons
 a - a +0 hand axe (weapon)
Armour
 k - a +0 plate armour (worn)
Scrolls
 b - 2 scrolls of vulnerability {unknown}
 c - 5 scrolls of identify {unknown}
 d - a scroll of enchant armour {unknown}
 e - 4 scrolls of immolation {unknown}
 g - 4 scrolls of enchant weapon {unknown}
 h - a scroll of poison {unknown}
 m - a scroll of fear {unknown}
 o - a scroll of teleportation {unknown}
Potions
 f - a potion of lignification {unknown}
 i - a potion of might {unknown}
 j - a potion of haste {unknown}
 l - a potion of invisibility
 n - a potion of mutation {unknown}
 p - a potion of flight {unknown}


   Skills:
 - Level 3.6 Fighting
 + Level 9.0 Axes
 - Level 2.4 Armour
 - Level 2.1 Dodging
 - Level 0.3 Stealth


You had 5 spell levels left.
You didn't know any spells.
Your spell library was empty.

Dungeon Overview and Level Annotations

Branches:
Dungeon (4/15)
 Temple: D:4-7

Altars:
Nemelex Xobeh
Vehumet
The Shining One


Innate Abilities, Weirdness & Mutations

You have a pair of horns on your head.
You reflexively headbutt those who attack you in melee.


Message History

You kill the gnoll!
Trog accepts your kill.
You hit the gnoll but do no damage.
The gnoll hits you but does no damage. x2
Your Axes skill increases to level 9!
You hit the goblin.
You kill the goblin!
Trog accepts your kill.
You can now call in reinforcements.
You barely miss the gnoll. The gnoll hits you with a +0 whip.
The gnoll hits you from afar with a +0 halberd.
The gnoll attacks as you move away! The gnoll hits you but does no damage.
Items here: ))) †.
You hit the gnoll.
You kill the gnoll!
Trog accepts your kill.
A goblin comes into view. It is wielding a +0 club.
The goblin shouts!
The gnoll barely misses you.
Things that are here:
a +0 whip; a +0 club; a goblin corpse The gnoll hits you with a +0 halberd.
The goblin throws a boomerang.
The boomerang hits you but does no damage.
The gnoll hits you with a +0 halberd!
* * * LOW HITPOINT WARNING * * *
The goblin throws a boomerang.
The boomerang hits you but does no damage.
You barely miss the gnoll. You closely miss the gnoll.
The gnoll hits you but does no damage.
The goblin throws a boomerang.
The boomerang barely misses you.
You hit the gnoll.
The gnoll is lightly wounded.
The gnoll hits you with a +0 halberd.
* * * LOW HITPOINT WARNING * * *
You hit the gnoll but do no damage. You headbutt the gnoll.
The gnoll is moderately wounded.
The gnoll hits you with a +0 halberd.
* * * LOW HITPOINT WARNING * * *
You hit the gnoll.
The gnoll is severely wounded.
You hit the goblin. The gnoll hits you with a +0 halberd!
You die...

.......###.#.# #.##
...........#.# ....
......######.######.#.#.
......'...†.............
......####......?##)#.#.#
......# #......)#.......
......# #......))#.#.#.
......# #......g#.......
......# #......@g#.#.#.#
......# #....!..#......
...... ##...#...#.#.#.
#....#.......#
#..#.#.##....# #..#....
....# #. #. ....# #. .###


You could see a gnoll and a goblin.

Vanquished Creatures
  A black bear (D:4)
  A crimson imp (D:4)
  2 hounds (D:4)
  An iguana (D:4)
  An orc wizard (D:4)
  3 gnolls (D:4)
  3 adders (D:2)
  3 worms
  5 dart slugs
  4 orcs
  9 ball pythons
  7 bats
  10 endoplasms
  11 hobgoblins
  2 jackals (D:1)
  9 kobolds
  6 quokkas
  2 frilled lizards
  10 goblins
  A goblin zombie (D:4)
  A hobgoblin zombie (D:4)
  3 kobold skeletons (D:4)
  An orc skeleton (D:4)
  2 orc zombies (D:4)
  7 rats
105 creatures vanquished.

Notes
Turn   | Place    | Note
-------+----------+-------------------------------------------
     0 | D:1      | Wiggles the Minotaur Berserker began the quest for the Orb.
     0 | D:1      | Reached XP level 1. HP: 19/19 MP: 0/0
   101 | D:1      | Reached skill level 4 in Axes
   139 | D:1      | Reached XP level 2. HP: 23/26 MP: 1/1
   350 | D:1      | Reached ** piety under Trog
   385 | D:1      | Reached skill level 5 in Axes
   508 | D:1      | Reached XP level 3. HP: 31/31 MP: 2/2
  1341 | D:2      | Reached XP level 4. HP: 37/39 MP: 3/3
  1387 | D:2      | Reached skill level 6 in Axes
  1495 | D:2      | Found a faded altar of an unknown god.
  1546 | D:2      | You fall into a shaft and drop 1 floor!
  2083 | D:3      | Found a radiant altar of Vehumet.
  2240 | D:3      | Reached *** piety under Trog
  2478 | D:4      | Reached XP level 5. HP: 40/45 MP: 4/4
  2480 | D:4      | Reached skill level 7 in Axes
  2550 | D:4      | Found a sparkling altar of Nemelex Xobeh.
  2650 | D:4      | Found a glowing golden altar of the Shining One.
  2652 | D:4      | Noticed a black bear
  2664 | D:4      | Killed a black bear
  2665 | D:4      | Reached skill level 8 in Axes
  2665 | D:4      | Reached XP level 6. HP: 51/51 MP: 5/5
  2730 | D:4      | Reached skill level 9 in Axes
  2730 | D:4      | Reached **** piety under Trog
  2740 | D:4      | Slain by a gnoll

Illustrated notes

Levels and vault maps discovered:
D:1:      dpeg_arrival_round_a, layout_loops_ring
D:2:      kennysheep_big_flooded_room, layout_loops_corners,
          hellmonk_ecumenical_altar_run_dry, grunt_ministairs_10,
          kennysheep_generic_room_16
D:3:      layout_rooms, lemuel_coloured_pillars_altar
D:4:      layout_basic, nemelex_xobeh_ov_fountains_minmay,
          general_overflow_altar, nicolae_tso_besieged_by_evil, st_stairs_9

Skill      XL: |  1  2  3  4  5  6 |
---------------+-------------------+-----
Axes           | 4 5 6 8 9 |  9.0
Fighting       | |  3.6
Armour         | |  2.4
Dodging        | |  2.1
Stealth        | |  0.3

Action                     |  1- 3 |  4- 6 || total
---------------------------+-------+-------++-------
  Melee: Hand axe          |    94 |   131 ||   225
         Headbutt          |    12 |    19 ||    31
         Punch             |       |     1 ||     1
 Invoke: Berserk           |       |     1 ||     1
   Stab: Sleeping          |     1 |       ||     1
 Armour: Animal skin       |     1 |       ||     1
         Ring mail         |    11 |       ||    11
         Scale mail        |    18 |     5 ||    23
         Plate armour      |       |    63 ||    63
  Dodge: Dodged            |    38 |    45 ||    83
